 Dungeon Crawl Stone Soup version 0.16.0 (webtiles) character file.

997375 Fiveotanaka the Grand Master (level 27, -10/161 HPs)
             Began as a Vine Stalker Monk on Mar 20, 2015.
             Was the Champion of Okawaru.
             Mangled by a reaper
             ... wielding a +1 scythe of pain
             ... summoned by a greater mummy's death curse
              (16 damage)
             ... on level 1 of the Tomb of the Ancients on Mar 21, 2015.
             The game lasted 07:07:41 (80293 turns).

Fiveotanaka the Grand Master (Vine Stalker Monk)   Turns: 80293, Time: 07:07:41

Health: -10/161    AC: 37    Str: 17    XL:     27
Magic:  0/41       EV: 37    Int:  8    God:    Okawaru [******]
Gold:   12178      SH: 20    Dex: 37    Spells: 3 memorised, 38 levels left

rFire  + + +     SeeInvis +       - Unarmed
rCold  + + .     Clarity  +     H - +5 fire dragon armour (curse)
rNeg   + + +     SustAb   .     t - +2 shield {AC+3} (curse)
rPois  +         Gourm    .     E - -4 helmet "Arak" {rElec rC+ Str-3 Dex+4 SInv} (curse)
rElec  +         Spirit   +     k - +2 cloak of Failure {rElec rC+ rCorr Dex+3} (curse)
rCorr  +         Warding  .     a - +2 pair of gloves of Dishonesty {rF+ rN+} (curse)
rMut   .         Stasis   .     d - +2 pair of boots of the Cockatrice {rPois rC+ rN+} (curse)
MR     +++++                    e - amulet of the Four Winds {Clar rN+ MR+++} (curse)
Stlth  +++++++++.               o - ring "Lablil" {+Inv MR+ Str+2 Slay+5} (curse)
                                V - ring "Asyhom" {rF+ MR++ Int-2 Slay+6} (curse)

@: lethally poisoned (-10 -> -13), heroism, lost intelligence, studying
Translocations, very slow, almost entirely resistant to hostile enchantments,
incredibly stealthy
A: fangs 3, agile 2, mutation resistance 1, regeneration 3, shaggy fur 1, wild
magic 1, magic shield, antimagic bite, no device heal 3, rot immunity
a: Heroism, Finesse, Renounce Religion, Evoke Invisibility
}: 9/15 runes: decaying, slimy, silver, iron, obsidian, icy, bone, abyssal,
gossamer


You were on level 1 of the Tomb of the Ancients.
You worshipped Okawaru.
Okawaru was exalted by your worship.
You were not hungry.

You visited 16 branches of the dungeon, and saw 90 of its levels.
You visited the Abyss 1 time.
You visited 1 bazaar.
You visited 1 ziggurat, and saw 10 of its levels.
You also visited: Ice Cave and Wizlab.

You collected 15179 gold pieces.
You spent 3001 gold pieces at shops.

Inventory:

Missiles
 n - 6 throwing nets (quivered)
Armour
 a - the cursed +2 pair of gloves of Dishonesty (worn) {rF+ rN+}
   (Okawaru gifted it to you on level 5 of the Abyss)

   It protects you from fire.
   It protects you from negative energy.
   It has a curse placed upon it.
 d - the cursed +2 pair of boots of the Cockatrice (worn) {rPois rC+ rN+}
   (Okawaru gifted it to you on level 7 of Gehenna)

   It protects you from cold.
   It protects you from poison.
   It protects you from negative energy.
   It has a curse placed upon it.
 k - the cursed +2 cloak of Failure (worn) {rElec rC+ rCorr Dex+3}
   (You found it on level 11 of the Dungeon)

   It affects your dexterity (+3).
   It protects you from cold.
   It insulates you from electricity.
   It protects you from acid and corrosion.
   It has a curse placed upon it.
 t - a cursed +2 shield of protection (worn)
 E - the cursed -4 helmet "Arak" (worn) {rElec rC+ Str-3 Dex+4 SInv}
   (You acquired it on level 5 of the Abyss)

   It affects your strength (-3).
   It affects your dexterity (+4).
   It protects you from cold.
   It insulates you from electricity.
   It enhances your eyesight.
   It has a curse placed upon it.
 F - the cursed +3 cloak of Flash {+Fly EV+4}
   (You found it on level 1 of the Lair of Beasts)

   It affects your evasion (+4).
   It lets you fly.
   It has a curse placed upon it.
 H - a cursed +5 fire dragon armour (worn)
Jewellery
 e - the cursed amulet of the Four Winds (around neck) {Clar rN+ MR+++}
   (You bought it in a shop in a bazaar)

   [amulet of clarity]

   It provides mental clarity.
   It protects you from negative energy.
   It affects your resistance to hostile enchantments.
   It has a curse placed upon it.
 o - the cursed ring "Lablil" (right hand) {+Inv MR+ Str+2 Slay+5}
   (You found it on level 7 of the Iron City of Dis)

   [ring of protection from magic]

   It affects your strength (+2).
   It affects your accuracy and damage with ranged weapons and melee attacks
   (+5).
   It affects your resistance to hostile enchantments.
   It lets you turn invisible.
   It has a curse placed upon it.
 p - a cursed amulet of resist mutation
 R - the cursed ring of Stracladu {rElec rF+ rN+ MP+9}
   (You found it on level 3 of the Crypt)

   [ring of positive energy]

   It protects you from fire.
   It insulates you from electricity.
   It protects you from negative energy.
   It affects your magic capacity (+9).
   It has a curse placed upon it.
 T - the cursed ring of Spite {+cTele rC+ MP-9 Str+2 Slay+4}
   (You found it on level 3 of the Crypt)

   [ring of teleport control]

   It can be evoked for teleport control.
   It affects your strength (+2).
   It affects your accuracy and damage with ranged weapons and melee attacks
   (+4).
   It protects you from cold.
   It affects your magic capacity (-9).
   It has a curse placed upon it.
 V - the cursed ring "Asyhom" (left hand) {rF+ MR++ Int-2 Slay+6}
   (You found it on level 8 of a ziggurat)

   [ring of protection from fire]

   It affects your intelligence (-2).
   It affects your accuracy and damage with ranged weapons and melee attacks
   (+6).
   It protects you from fire.
   It affects your resistance to hostile enchantments.
   It has a curse placed upon it.
Magical devices
 A - a wand of teleportation (9)
 B - a wand of digging (12)
 L - a wand of disintegration (2)
 S - a wand of fire (4)
 W - a wand of cold (12)
 Y - a wand of frost (42)
Scrolls
 c - 21 scrolls of remove curse
 g - 2 scrolls of silence
 h - 9 scrolls of fog
 l - 12 scrolls of teleportation
 r - a scroll of summoning
 u - 7 scrolls of recharging
 y - 3 scrolls of magic mapping
 z - 13 scrolls of blinking
 K - 9 scrolls of fear
 X - 4 scrolls of holy word
 Z - a scroll of enchant weapon
Potions
 i - 7 potions of cancellation
 j - 6 potions of restore abilities
 s - 3 potions of cure mutation
 v - 20 potions of curing
 w - 8 potions of invisibility
 x - 6 potions of agility
 C - 4 potions of might
 G - 3 potions of resistance
 I - 8 potions of magic
 J - 11 potions of brilliance
 N - 7 potions of berserk rage
 O - 2 potions of flight
 P - 4 potions of haste
Books
 q - the Papyrus of Stolen Souls
   (You found it on level 3 of the Crypt)

   Spells                             Type                      Level
   a - Corpse Rot                     Necromancy                   2
   b - Sublimation of Blood           Necromancy                   2
   c - Bolt of Draining               Conjuration/Necromancy       5
   d - Cigotuvi's Embrace             Necromancy                   5
   e - Simulacrum                     Ice/Necromancy               6
   f - Necromutation                  Transmutation/Necromancy     8
 D - a book of Maledictions

   Spells                             Type                      Level
   a - Corona                         Hexes                        1
   b - Sure Blade                     Hexes/Charms                 2
   c - Ensorcelled Hibernation        Hexes/Ice                    2
   d - Confuse                        Hexes                        3
   e - Dazzling Spray                 Conjuration/Hexes            3
   f - Enslavement                    Hexes                        4
 M - a manual of Translocations
 U - a book of the Warp

   Spells                             Type                      Level
   a - Recall                         Summoning/Translocation      3
   b - Control Teleport               Charms/Translocation         4
   c - Force Lance                    Conjuration/Translocation    4
   d - Phase Shift                    Translocation                5
   e - Warp Weapon                    Charms/Translocation         5
   f - Gell's Gravitas                Hexes/Translocation          5
   g - Summon Forest                  Summoning/Translocation      5
Miscellaneous
 f - a disc of storms
 Q - a disc of storms
Comestibles
 b - 28 bread rations
 m - 29 meat rations


   Skills:
 - Level 21.6(26.6) Fighting
 - Level 21.3(26.3) Armour
 - Level 21.5(26.5) Dodging
 - Level 21.0(26.0) Stealth
 - Level 15.6(20.6) Shields
 O Level 27 Unarmed Combat
 - Level 8.1 Spellcasting
 - Level 8.0 Charms
 - Level 6.6 Necromancy
 - Level 8.5 Invocations
 + Level 16.0 Evocations


You had 38 spell levels left.
You knew the following spells:

 Your Spells              Type           Power        Failure   Level  Hunger
a - Animate Skeleton      Necr           N/A          7%          1    None
b - Repel Missiles        Chrm/Air       ##....       22%         2    ##.....
c - Apportation           Tloc           #.........   54%         1    None


Dungeon Overview and Level Annotations

Branches:
Dungeon (15/15)            Temple (0/1) D:6            Lair (8/8) D:10
  Swamp (5/5) Lair:4       Spider (5/5) Lair:4        Slime (6/6) Lair:8
    Orc (4/4) D:9             Elf (3/3) Orc:4        Vaults (5/5) D:13
  Crypt (3/3) Vaults:3       Tomb (2/3) Crypt:3      Depths (5/5) D:15
   Hell (1/1)                 Dis (7/7) Hell            Geh (7/7) Hell
    Coc (7/7) Hell            Tar (7/7) Hell            Zot (0/5) Depths:5

Altars:
Ashenzari
Gozag
Kikubaaqudgha
Makhleb
Okawaru
Qazlal
Ru
Sif Muna
Trog
Vehumet
The Shining One
Beogh

Shops:
D:6 *=[}   Orc:3 (   Orc:4 **[=   Elf:2 [   Vaults:1 [   Vaults:2 =
Vaults:3 (   Vaults:4 =   Vaults:5 :

Portals:
Hell: Depths:1 Depths:2 Depths:3 Depths:4 Depths:5
Abyss: Depths:3 Depths:4
Pandemonium: Depths:2 Depths:3 Depths:4 Depths:5

Annotations:
Lair:6 exclusion: oklob plant
Swamp:3 exclusion: Roxanne, Roxanne


Innate Abilities, Weirdness & Mutations

You have razor-sharp teeth.
You regenerate.
When hurt, damage is shared between your health and your magic reserves.
Your bite disrupts and absorbs the magic of your enemies.
Potions and wands cannot restore your health.
You are immune to rotting.
You are very agile. (Dex +4)
You are somewhat resistant to further mutation.
You are covered in fur (AC +1).
Your spells are a little harder to cast, but a little more powerful.


Message History

You gain the combat prowess of a mighty hero.
You feel slightly more hungry.
You feel very sick. The jiangshi completely misses you.
The jiangshi claws you but does no damage.
You block the shock serpent's attack.
The jiangshi claws you but does no damage.
You block the jiangshi's attack.
The greater mummy gestures at you while chanting.
Something smites you!
* * * LOW HITPOINT WARNING * * *
The greater mummy gestures wildly while chanting.
The shock serpent completely misses you.
The vampire gestures wildly while chanting.
The vampire flickers and vanishes for a moment.
The greater mummy calls on the powers of darkness!
The mana viper convulses! x2
The shock serpent convulses!
Your body is wracked with pain!
The reaper hits you with a scythe of pain!!
You die...

#....###'###..#..##.........#
#.............#..##.........#
#.............#..##.........#
#.............#..##(........#
#....#######..#..##.........#
#....##^..##..#..##.........#
.....#.)...#..#..##.........#
.....#>.#^.'..#2.##.........#
.....#.)^.)#..#.@##.........#
.....##...##..#VS##.........#
.....#######..#zn##.........#
..............#MV##.........#
.##############SW##.........#
## #VS##.........# .#
#.W##....[....# .#
#VM##.........# .#
ZM##.........#


You could see 2 greater mummies, a reaper, a jiangshi, a shock serpent, 2 mana
vipers, 2 hungry ghosts, 3 vampires, a necrophage, a mummy, a wight and an iron
dragon skeleton.

Vanquished Creatures
  Antaeus (Coc:7)
  Asmodeus (Geh:7)
  the Serpent of Hell (Tar:7)
  the royal jelly (Slime:6)
  Ereshkigal (Tar:7)
  Dispater (Dis:7)
  An ancient lich (Tar:4)
  18 greater mummies
  2 pandemonium lords
  8 shard shrikes
  the Lernaean hydra (Swamp:5)
  7 caustic shrikes (Depths:4)
  Geryon (Hell)
  5 golden dragons
  17 bone dragons
  24 Brimstone Fiends
  4 tentacled monstrosities
  7 Hell Sentinels (Dis:7)
  8 titans
  19 Ice Fiends
  2 deep elf master archers (Elf:3)
  Asterion (Spider:3)
  3 quicksilver dragons
  19 liches
  16 Shadow Fiends
  12 sphinxes
  8 Executioners
  27 acid blobs
  19 tentacled starspawn
  An octopode crusher (Depths:5)
  A warmonger (Zig:10)
  An eldritch tentacle (Coc:3)
  Agnes (Swamp:2)
  6 ancient champions
  2 thorn hunters
  4 shadow dragons
  2 storm dragons
  Frances (Swamp:3)
  3 tengu reavers
  A draconian monk (Depths:5)
  A revenant (Tomb:1)
  22 fire giants
  8 azure jellies
  The ghost of KingBobson the Severer, a powerful HOFi of Yredelemnul (Spider:1)
  A frost giant (shapeshifter) (Vaults:5)
  Donald (Crypt:3)
  10 iron dragons
  12 balrugs
  12 vault wardens
  3 cacodemons
  Aizul (Vaults:4)
  Louise (D:15)
  A draconian zealot (Zig:10)
  2 curse skulls
  10 deep elf sorcerers
  12 frost giants
  An angel (Abyss:2)
  3 ghost moths (Spider:5)
  5 orc warlords
  3 ghouls (Crypt:2)
  12 emperor scorpions
  Jorgrun (Elf:3)
  18 war gargoyles
  25 stone giants
  The ghost of h4rt the Imperceptible, a mighty SpEn of Dithmenos (Swamp:4)
  18 ironheart preservers
  2 spriggan defenders (Depths:4)
  A draconian annihilator (Depths:5)
  A caustic shrike skeleton (Crypt:2)
  3 elemental wellsprings (Coc:7)
  A grey draconian (Depths:5)
  4 salamander firebrands
  72 reapers
  8 deep elf demonologists
  A corrupter (Zig:10)
  3 green draconians
  23 very ugly things
  A yellow draconian (Depths:5)
  2 bennus (Tomb:1)
  A red draconian (Vaults:1)
  A purple draconian (Depths:5)
  9 dire elephants
  15 deep elf annihilators
  4 lorocyprocas
  16 ettins
  2 vampire knights
  A white draconian (Depths:5)
  2 unborn
  The ghost of Fiveotanaka the Bludgeoner, a powerful OgBe of Trog (IceCv)
  7 eidola
  12 blizzard demons
  2 minotaurs (Depths:1)
  6 deep elf death magi
  13 mummy priests
  8 quicksilver dragon zombies
  6 green deaths
  38 vault guards
  10 fire dragons
  14 yaktaur captains
  4 jiangshi
  Josephine (Spider:1)
  A fire dragon (shapeshifter) (Abyss:5)
  6 death oozes (Slime:6)
  5 deep elf high priests
  2 kraken zombies
  A hell beast (Dis:7)
  Fannar (Elf:1)
  27 hydras
  6 rakshasas
  5 quicksilver dragon skeletons
  Harold (Lair:7)
  16 great orbs of eyes
  6 statues (WizLab)
  18 ice dragons
  A ghost crab (Swamp:5)
  A ghost crab (shapeshifter) (Depths:4)
  A monstrous demonspawn (Depths:3)
  5 spriggan air magi
  6 centaur warriors
  A merfolk avatar (Zig:4)
  Erica (Orc:2)
  2 catoblepae
  23 dancing weapons
  An anaconda (Lair:8)
  14 ogre magi
  11 death yaks
  8 deep troll earth magi
  6 alligators
  A death knight (Crypt:3)
  8 titan zombies
  7 deep troll shamans
  An orc high priest (Orc:4)
  A tengu warrior (Depths:4)
  9 vampire magi
  4 spriggan berserkers (Depths:4)
  13 thrashing horrors
  31 soul eaters
  8 hell hogs
  5 iron golems
  The ghost of JohnnyRipsauce the Slicer, a powerful VSAs of Dithmenos (Lair:1)
  2 titan skeletons
  3 storm dragon zombies
  7 shadow wraiths
  8 sun demons
  11 wretched stars
  7 hell knights
  4 golden dragon zombies
  A quicksilver dragon simulacrum (Abyss:5)
  3 iron trolls
  8 spatial maelstroms
  18 deep elf knights
  9 anaconda zombies
  20 death scarabs
  2 ghost moth zombies
  121 skeletal warriors
  44 ice devils
  3 storm dragon skeletons
  An unseen horror (shapeshifter) (Depths:5)
  3 spriggan druids (Depths:3)
  4 unseen horrors
  9 swamp dragons
  A shambling mangrove (Swamp:3)
  82 starcursed masses
  23 deep trolls
  7 ice statues
  10 flayed ghosts
  11 hill giants
  9 anubis guards
  5 golden dragon skeletons
  A hill giant (shapeshifter) (Vaults:5)
  9 deep elf summoners
  2 kraken simulacra
  4 shadow dragon zombies
  4 wizards
  6 giant orange brains
  17 orc knights
  23 ironbrand convokers
  27 shadow demons
  11 necromancers
  5 wolf spider zombies
  32 large abominations
  2 shining eyes (shapeshifter)
  9 anaconda skeletons
  32 wolf spiders
  20 phantasmal warriors
  5 harpies (Vaults:4)
  10 orc sorcerers
  24 deep elf conjurers
  7 stone giant zombies
  8 oklob plants (Zig:10)
  A water nymph (Zig:4)
  4 iron dragon zombies
  9 fire giant zombies
  3 frost giant zombies
  7 shining eyes
  11 sixfirhies
  15 hornets
  2 manticores
  A faun (shapeshifter) (Vaults:5)
  54 ugly things
  3 salamanders (Geh:7)
  24 orb spiders
  42 rust devils
  2 shadow dragon skeletons
  A tengu skeleton (Vaults:2)
  7 griffons
  3 moths of wrath
  6 cyclopes
  A cyclops (shapeshifter) (Vaults:5)
  6 worldbinders
  3 draconians (shapeshifter)
  14 elephants
  2 shock serpent zombies (Coc:7)
  4 dire elephant zombies
  5 iron dragon skeletons
  An octopode (shapeshifter) (Depths:5)
  A black mamba (Lair:5)
  4 apocalypse crabs
  2 centaur zombies
  A siren (Zig:4)
  A guardian serpent (Vaults:1)
  A stone giant skeleton (Tar:6)
  6 fire giant skeletons
  17 vault sentinels
  4 frost giant skeletons
  17 smoke demons
  5 orange demons
  30 small abominations
  A torpor snail (shapeshifter) (Depths:4)
  17 molten gargoyles
  Psyche (Orc:1)
  9 komodo dragons
  A shock serpent skeleton (Coc:7)
  4 dire elephant skeletons
  A catoblepas zombie (Geh:7)
  A purple draconian zombie (Crypt:1)
  22 spiny frogs
  10 spectral swamp worms (Tar:7)
  15 demonic crawlers
  3 emperor scorpion zombies
  An elf (shapeshifter) (Vaults:3)
  An anaconda simulacrum (Hell)
  7 human zombies
  2 efreet
  22 ancient zymes
  69 yaktaurs
  8 hellwings
  A fire drake (Lair:5)
  18 hellions
  17 red devils
  8 trolls
  38 jumping spiders
  3 kobold demonologists
  A merfolk (shapeshifter) (Depths:4)
  2 yaktaur skeletons
  8 deep elf priests
  36 blue devils
  A jumping spider (shapeshifter) (Vaults:5)
  2 harpy zombies
  39 tormentors
  18 hydra zombies
  19 guardian mummies
  37 raiju
  Sonja (Orc:3)
  40 freezing wraiths
  33 two-headed ogres
  8 giant leeches
  4 harpy skeletons
  A shadow dragon simulacrum (Vaults:3)
  6 silent spectres
  7 hydra skeletons
  A queen bee (Abyss:5)
  7 alligator zombies
  5 ushabtiu
  19 blink frogs
  2 fire dragon zombies
  A wolf spider simulacrum (IceCv)
  17 bog bodies
  5 boulder beetles
  7 baby alligators
  144 slime creatures
  5 basilisks
  A fire giant simulacrum (Crypt:1)
  A raven (shapeshifter) (Vaults:4)
  40 redbacks
  21 trapdoor spiders
  An iron dragon simulacrum (Coc:6)
  6 ravens
  A blink frog (shapeshifter) (Vaults:1)
  3 ettin zombies
  4 ice dragon zombies
  A wandering mushroom (D:9)
  139 flying skulls
  8 ynoxinuls
  26 deep elf magi
  32 tarantellas
  10 hippogriffs
  A redback (shapeshifter) (Zig:3)
  15 spriggans
  3 alligator skeletons
  8 ettin skeletons
  2 ice dragon skeletons
  A dire elephant simulacrum (Coc:6)
  7 fire dragon skeletons
  A hill giant zombie (Crypt:2)
  35 shadows
  28 wraiths
  7 fire bats
  4 air elementals
  4 black mamba zombies
  A tarantella (shapeshifter) (Depths:2)
  16 water elementals
  17 fire elementals
  16 vampires
  2 black mamba skeletons
  45 yaks
  Eustachio (D:9)
  13 golden eyes
  A wyvern (D:12)
  29 vampire mosquitoes
  Grum (D:13)
  4 wolves (D:13)
  7 chaos spawn
  2 steam dragons
  3 mottled dragons
  7 spatial vortices
  27 deep elf fighters
  2 yaktaur simulacra
  A human (D:7)
  A death yak simulacrum (IceCv)
  13 neqoxecs
  9 wargs
  19 swamp worms
  8 insubstantial wisps
  A merfolk zombie (Tar:5)
  A gelid demonspawn zombie (Crypt:3)
  3 hungry ghosts
  2 soldier ants (D:12)
  23 water moccasins
  A merfolk skeleton (Coc:4)
  23 hell hounds
  A hydra simulacrum (Coc:7)
  5 snapping turtle zombies
  4 black bears
  A manticore zombie (Geh:7)
  59 orc warriors
  3 sky beasts (D:8)
  11 spiny frog zombies
  2 ettin simulacra
  9 porcupines
  A black bear (shapeshifter) (Vaults:1)
  35 ice beasts
  A swamp dragon zombie (Geh:7)
  20 boggarts
  12 necrophages
  35 spiders
  16 swamp drakes
  A black mamba simulacrum (Hell)
  4 phantoms
  A sky beast (shapeshifter) (Vaults:1)
  13 wasps
  An anubis guard zombie (Crypt:2)
  A boring beetle (shapeshifter) (Vaults:2)
  5 spiny frog skeletons
  A manticore skeleton (Crypt:1)
  2 swamp dragon skeletons (Coc:7)
  The ghost of Fiveotanaka the Sneak, an average HuAs (D:3)
  15 centaurs
  6 snapping turtle skeletons
  2 boring beetles
  5 eyes of draining
  12 crocodiles
  Sigmund (D:6)
  Duvessa (D:6)
  21 giant frogs
  66 ogres
  An elf zombie (Tar:7)
  An octopode zombie (Crypt:1)
  Blork the orc (D:6)
  4 hell hound zombies (Geh:3)
  A wyvern zombie (D:14)
  A dryad skeleton (Crypt:2)
  A spiny frog simulacrum (Hell)
  7 scorpions
  31 jellies
  2 warg zombies
  46 wights
  24 killer bees
  3 troll zombies
  2 electric eels
  A lava snake (Orc:2)
  Dowan (D:6)
  5 crimson imps
  46 orc priests
  5 centaur skeletons
  A quasit (Abyss:4)
  3 draconian simulacra (IceCv)
  3 giant frog skeletons
  A demonspawn skeleton (Crypt:1)
  10 hounds
  2 human skeletons
  51 orc wizards
  17 iron imps
  3 troll simulacra (IceCv)
  6 iguanas
  2 wolf simulacra (IceCv)
  2 spriggan simulacra (IceCv)
  3 centaur simulacra
  A dwarf zombie (Crypt:2)
  35 sheep
  13 worker ants
  Jessica (D:9)
  An ogre zombie (Crypt:3)
  An ogre skeleton (Coc:7)
  54 mummies
  Terence (D:3)
  A hound skeleton (D:11)
  A worker ant zombie (D:5)
  Robin (D:3)
  13 gnolls
  A steam dragon zombie (Crypt:2)
  6 ogre simulacra
  5 naga simulacra (IceCv)
  32 river rats
  25 adders
  8 shadow imps
  A steam dragon skeleton (Crypt:1)
  A giant mite (D:3)
  45 white imps
  A goliath beetle zombie (Crypt:3)
  8 worms
  4 ufetubi
  2 adder zombies
  An adder skeleton (D:4)
  An iguana skeleton (Crypt:3)
  3 giant geckos
  258 orcs
  2 bat skeletons
  A bat zombie (D:6)
  5 giant cockroaches
  33 hobgoblins
  3 oozes
  12 quokkas
  13 bats
  A giant newt (D:2)
  A giant newt zombie (Crypt:3)
  A giant spore (D:13)
  25 goblins
  A jackal (D:10)
  17 kobolds
  A lurking horror (Abyss:2)
  An orc simulacrum (Abyss:2)
  An orc skeleton (Coc:1)
  13 orc zombies
  A quokka skeleton (D:4)
  17 rats
  A river rat skeleton (Crypt:2)
  2 ballistomycetes (D:13)
  A bush (D:12)
  A crawling corpse (Elf:3)
  3 eldritch tentacle segments
  A fungus (Orc:4)
  A grand avatar (Zig:10)
  A macabre mass (Abyss:4)
  6 plants
  7 starspawn tentacles
  5 tentacles
  A tentacle segment (Coc:6)
4847 creatures vanquished.

Vanquished Creatures (others)
  3 eldritch tentacles
  3 bennus (Tomb:2)
  35 death scarabs
  An anaconda zombie (Coc:7)
  2 fulminant prisms (Swamp:4)
  A deep elf conjurer (Elf:1)
  A wizard (D:3)
  A fire giant zombie (Tomb:2)
  A fire giant skeleton (Tomb:2)
  An emperor scorpion zombie (Geh:7)
  A jumping spider (Spider:4)
  An ettin zombie (Geh:7)
  3 flying skulls (Tomb:1)
  A spriggan skeleton (Zig:9)
  A fire elemental (Geh:7)
  A boggart (Depths:2)
  A swamp dragon zombie (Geh:7)
  9 lost souls
  A wight (Coc:7)
  3 iron imps (Dis:7)
  An orc wizard (Orc:4)
  A naga zombie (Geh:7)
  A mummy (Tomb:2)
  An orc (Vaults:3)
  2 lurking horrors (Abyss:2)
  47 eldritch tentacle segments
  2 fungi
  A plant (Lair:3)
  27 starspawn tentacles
  237 starspawn tentacle segments
  18 tentacles
  333 tentacle segments
742 creatures vanquished.

Grand Total: 5589 creatures vanquished

Notes
Turn   | Place    | Note
--------------------------------------------------------------
     0 | D:1      | Fiveotanaka, the Vine Stalker Monk, began the quest for the Orb.
     0 | D:1      | Reached XP level 1. HP: 11/11 MP: 1/1
    81 | D:1      | Reached XP level 2. HP: 8/16 MP: 3/3
   401 | D:1      | Reached XP level 3. HP: 17/19 MP: 4/4
   516 | D:1      | Reached skill level 5 in Unarmed Combat
   789 | D:2      | Reached XP level 4. HP: 14/23 MP: 2/5
  1605 | D:3      | Found a bloodstained altar of Trog.
  1605 | D:3      | Noticed a wizard
  1612 | D:3      | Killed a wizard
  1634 | D:3      | Reached skill level 6 in Unarmed Combat
  1655 | D:3      | Found a shattered altar of Ashenzari.
  1761 | D:3      | Noticed Fiveotanaka's ghost (average HuAs)
  1771 | D:3      | Killed Fiveotanaka's ghost
  1771 | D:3      | Reached XP level 5. HP: 18/27 MP: 4/7
  1821 | D:3      | Noticed Robin
  1834 | D:3      | Killed Robin
  2039 | D:3      | Noticed Terence
  2050 | D:3      | Killed Terence
  2050 | D:3      | Reached skill level 7 in Unarmed Combat
  2050 | D:3      | Gained mutation: You heal very quickly. [vine stalker growth]
  2050 | D:3      | Reached XP level 6. HP: 27/32 MP: 8/8
  2603 | D:4      | Reached skill level 8 in Unarmed Combat
  2738 | D:4      | Reached XP level 7. HP: 9/35 MP: 2/9
  3310 | D:5      | Entered Level 5 of the Dungeon
  3318 | D:5      | Got an ichor-stained ring mail
  3329 | D:5      | Identified the +4 ring mail "Rial" {Dex+6} (You found it on level 5 of the Dungeon)
  3681 | D:5      | Reached skill level 9 in Unarmed Combat
  3798 | D:5      | Found an iron altar of Okawaru.
  3809 | D:5      | Became a worshipper of Warmaster Okawaru
  3809 | D:5      | Acquired Okawaru's first power
  4203 | D:5      | Gained mutation: Your spells are a little harder to cast, but a little more powerful. [potion of beneficial mutation]
  4204 | D:5      | Gained mutation: You are agile. (Dex +2) [potion of beneficial mutation]
  4522 | D:6      | Noticed Blork the orc
  4526 | D:6      | Killed Blork the orc
  4532 | D:6      | Gained mutation: You have razor-sharp teeth. [vine stalker growth]
  4532 | D:6      | Reached XP level 8. HP: 39/39 MP: 11/11
  4546 | D:6      | Found Thikifro's General Store.
  4568 | D:6      | Reached skill level 10 in Unarmed Combat
  4620 | D:6      | Found an ancient bone altar of Kikubaaqudgha.
  4679 | D:6      | Found Preob's Jewellery Boutique.
  4696 | D:6      | Bought a cursed -2 ring of intelligence for 26 gold pieces
  4696 | D:6      | Bought a cursed -3 ring of evasion for 26 gold pieces
  4696 | D:6      | Bought a cursed amulet of inaccuracy for 26 gold pieces
  4725 | D:6      | Found a staircase to the Ecumenical Temple.
  4728 | D:6      | Noticed Sigmund
  4738 | D:6      | Killed Sigmund
  4775 | D:6      | Found Kas Akhla's Armour Shoppe.
  4845 | D:6      | Found Unuewk's Gadget Shop.
  4933 | D:6      | Noticed Duvessa
  4937 | D:6      | Noticed Dowan
  4992 | D:6      | Killed Duvessa
  4998 | D:6      | Killed Dowan
  5250 | D:7      | Reached skill level 11 in Unarmed Combat
  5355 | D:7      | Found a burning altar of Makhleb.
  5453 | D:7      | Reached XP level 9. HP: 35/43 MP: 9/12
  5509 | D:7      | Found a stormy altar of Qazlal.
  5591 | D:7      | Reached skill level 12 in Unarmed Combat
  5871 | D:7      | Reached skill level 1 in Armour
  5957 | D:7      | Found a bloodstained altar of Trog.
  6112 | D:8      | Found a sacrificial altar of Ru.
  6401 | D:8      | Reached skill level 13 in Unarmed Combat
  6401 | D:8      | Reached XP level 10. HP: 47/47 MP: 13/13
  6623 | D:8      | Found a sacrificial altar of Ru.
  6923 | D:8      | Found a glowing golden altar of the Shining One.
  7022 | D:9      | Found a roughly hewn altar of Beogh.
  7155 | D:9      | Found a staircase to the Orcish Mines.
  7203 | D:9      | Found a stormy altar of Qazlal.
  7208 | D:9      | Acquired Okawaru's second power
  7382 | D:9      | Got a transparent robe
  7385 | D:9      | Identified the +0 robe of Devotion {-Tele rCorr SInv Stlth+} (You found it on level 9 of the Dungeon)
  7478 | D:9      | Found an opulent altar of Gozag.
  7547 | D:9      | Noticed Jessica
  7567 | D:9      | Found a deep blue altar of Sif Muna.
  7581 | D:9      | Killed Jessica
  7639 | D:9      | Noticed Eustachio
  7670 | D:9      | Killed Eustachio
  7868 | D:10     | Entered Level 10 of the Dungeon
  7886 | D:10     | Found a staircase to the Lair.
  8014 | D:10     | Noticed a hill giant
  8030 | D:10     | Killed a hill giant
  8030 | D:10     | Reached skill level 5 in Dodging
  8030 | D:10     | Reached skill level 14 in Unarmed Combat
  8077 | D:10     | Received a gift from Okawaru
  8082 | D:10     | Noticed a hill giant
  8093 | D:10     | Killed a hill giant
  8093 | D:10     | Reached XP level 11. HP: 36/51 MP: 13/15
  8448 | D:10     | Noticed a hill giant
  8458 | D:10     | Killed a hill giant
  8629 | D:10     | Reached skill level 5 in Armour
  8812 | Lair:1   | Entered Level 1 of the Lair of Beasts
  8812 | Lair:1   | Noticed JohnnyRipsauce's ghost (powerful VSAs)
  8819 | Lair:1   | Killed JohnnyRipsauce's ghost
  9744 | Lair:1   | Reached skill level 15 in Unarmed Combat
 10855 | Lair:3   | Noticed an eight-headed hydra
 10972 | Lair:3   | Gained mutation: You regenerate. [vine stalker growth]
 10972 | Lair:3   | Reached XP level 12. HP: 54/58 MP: 14/16
 11185 | Lair:3   | Noticed a six-headed hydra
 11667 | Lair:4   | Found a staircase to the Swamp.
 11688 | Lair:4   | Reached skill level 1 in Invocations
 12039 | Lair:4   | Found a hole to the Spider Nest.
 12257 | Lair:5   | Received a gift from Okawaru
 12527 | Lair:5   | Reached skill level 16 in Unarmed Combat
 12789 | Lair:5   | Received a gift from Okawaru
 13159 | Lair:6   | Noticed a six-headed hydra
 13166 | Lair:6   | Killed a six-headed hydra
 13590 | Lair:6   | Noticed a death yak
 13612 | Lair:6   | Killed a death yak
 13623 | Lair:6   | Noticed a death yak
 13633 | Lair:6   | Noticed a death yak
 13633 | Lair:6   | Noticed a death yak
 13634 | Lair:6   | Noticed a death yak
 13635 | Lair:6   | Noticed a death yak
 13638 | Lair:6   | Killed a death yak
 13661 | Lair:6   | Killed a death yak
 13661 | Lair:6   | Reached XP level 13. HP: 61/61 MP: 22/22
 13666 | Lair:6   | Killed a death yak
 13669 | Lair:6   | Killed a death yak
 13676 | Lair:6   | Killed a death yak
 14514 | Lair:7   | Gained mutation: You are somewhat resistant to further mutation. [potion of beneficial mutation]
 14594 | Lair:7   | Noticed Harold
 14608 | Lair:7   | Killed Harold
 14608 | Lair:7   | Reached skill level 17 in Unarmed Combat
 14762 | Lair:7   | Reached skill level 5 in Invocations
 14985 | Lair:8   | Entered Level 8 of the Lair of Beasts
 15144 | Lair:8   | Received a gift from Okawaru
 15265 | Lair:8   | Found a staircase to the Slime Pits.
 15762 | Lair:8   | Reached XP level 14. HP: 66/66 MP: 25/25
 15772 | Lair:8   | Received a gift from Okawaru
 15951 | Lair:8   | Received a gift from Okawaru
 16750 | Lair:2   | Killed an eight-headed hydra
 16774 | Lair:3   | Killed a six-headed hydra
 17261 | Orc:1    | Entered Level 1 of the Orcish Mines
 17726 | Orc:1    | Found a roughly hewn altar of Beogh.
 17728 | Orc:1    | Noticed Psyche
 17739 | Orc:1    | Killed Psyche
 18057 | Orc:2    | Noticed Erica
 18066 | Orc:2    | Killed Erica
 18388 | Orc:3    | Found a roughly hewn altar of Beogh.
 18446 | Orc:3    | Found a frozen archway.
 18486 | IceCv    | Entered an ice cave
 18516 | IceCv    | Reached skill level 18 in Unarmed Combat
 18654 | IceCv    | Noticed Fiveotanaka's ghost (powerful OgBe)
 18702 | IceCv    | Killed Fiveotanaka's ghost
 18702 | IceCv    | Reached skill level 5 in Fighting
 18803 | IceCv    | Found an ancient bone altar of Kikubaaqudgha.
 19188 | Orc:3    | Found Qivuur's Antique Weapon Boutique.
 19239 | Orc:3    | Noticed Sonja
 19250 | Orc:3    | Killed Sonja
 19858 | Orc:4    | Entered Level 4 of the Orcish Mines
 19866 | Orc:4    | Noticed an orc warlord
 19897 | Orc:4    | Found a staircase to the Elven Halls.
 20126 | Orc:4    | Reached XP level 15. HP: 72/72 MP: 27/27
 20173 | Orc:4    | Killed an orc warlord
 20188 | Orc:4    | Noticed an orc warlord
 20209 | Orc:4    | Killed an orc warlord
 20209 | Orc:4    | Received a gift from Okawaru
 20366 | Orc:4    | Noticed an orc warlord
 20408 | Orc:4    | Killed an orc warlord
 20632 | Orc:4    | Found Smeapn's Assorted Antiques.
 20645 | Orc:4    | Found Garchicept's Armour Emporium.
 20645 | Orc:4    | Found Geigek's Jewellery Emporium.
 20655 | Orc:4    | Found Kaderr's Assorted Antiques.
 20693 | Orc:4    | Bought a crude lapis lazuli ring for 100 gold pieces
 20693 | Orc:4    | Bought a scroll of identify for 40 gold pieces
 20693 | Orc:4    | Bought a scroll of identify for 40 gold pieces
 20693 | Orc:4    | Bought a scroll of identify for 40 gold pieces
 20699 | Orc:4    | Identified the ring "Hucolos" {+Blink rPois EV+1 Str-5 Int+4} (You bought it in a shop on level 4 of the Orcish Mines)
 20704 | Orc:4    | Bought a +3 ring of slaying for 630 gold pieces
 20762 | Orc:4    | Bought a fluorescent wand for 140 gold pieces
 20762 | Orc:4    | Bought a scroll labeled IRAES CHERAIXU for 35 gold pieces
 20764 | Orc:4    | Identified a scroll of acquirement
 20765 | Orc:4    | Got a pair of steaming gloves
 20776 | Orc:4    | Identified the +1 pair of gloves of Ru {MR+ Str+3 Dex-3 Stlth+} (You acquired it on level 4 of the Orcish Mines)
 20863 | Orc:4    | Got a faintly humming crystal plate armour
 20874 | Orc:4    | Identified the cursed -11 crystal plate armour "Muthrakebe" {MR+} (You found it on level 4 of the Orcish Mines)
 20962 | Orc:4    | Got a clouded jade ring
 20963 | Orc:4    | Identified the ring of Osiqa {+Fly rElec Dex-2 Stlth+} (You found it on level 4 of the Orcish Mines)
 21617 | D:11     | Got a shimmering robe
 21628 | D:11     | Identified the +0 robe "Teilyaz" {MR+ Regen+ Str+3} (You found it on level 11 of the Dungeon)
 21737 | D:11     | Got a fine cloak
 21748 | D:11     | Identified the +2 cloak of Failure {rElec rC+ rCorr Dex+3} (You found it on level 11 of the Dungeon)
 22092 | D:12     | Reached skill level 10 in Dodging
 22171 | D:12     | Received a gift from Okawaru
 22755 | D:12     | Reached skill level 19 in Unarmed Combat
 23055 | D:13     | Found a deep blue altar of Sif Muna.
 23148 | D:13     | Noticed Grum
 23158 | D:13     | Killed Grum
 23438 | D:13     | Found a gate to the Vaults.
 23519 | D:14     | Reached skill level 10 in Armour
 24024 | D:15     | Entered Level 15 of the Dungeon
 24129 | D:15     | Noticed Louise
 24144 | D:15     | Killed Louise
 24209 | D:15     | Received a gift from Okawaru
 24223 | D:15     | Reached XP level 16. HP: 80/80 MP: 28/28
 24763 | D:15     | Found a staircase to the Depths.
 25335 | Swamp:1  | Entered Level 1 of the Swamp
 25973 | Swamp:2  | Noticed Agnes
 25982 | Swamp:2  | Killed Agnes
 26230 | Swamp:2  | Learned a level 1 spell: Animate Skeleton
 26269 | Swamp:2  | Received a gift from Okawaru
 26544 | Swamp:3  | Noticed Roxanne
 26618 | Swamp:3  | Noticed a thorn hunter
 26628 | Swamp:3  | Killed a thorn hunter
 27154 | Swamp:3  | Noticed Frances
 27165 | Swamp:3  | Killed Frances
 27404 | Swamp:4  | Reached skill level 20 in Unarmed Combat
 27491 | Swamp:4  | Received a gift from Okawaru
 27927 | Swamp:4  | Noticed h4rt's ghost (mighty SpEn)
 27948 | Swamp:4  | Killed h4rt's ghost
 28205 | Swamp:5  | Entered Level 5 of the Swamp
 28415 | Swamp:5  | Noticed the 27-headed Lernaean hydra
 28499 | Swamp:5  | Reached XP level 17. HP: 86/86 MP: 29/29
 28672 | Swamp:5  | Received a gift from Okawaru
 28853 | Swamp:5  | HP: 4/86 [the 27-headed Lernaean hydra (7)]
 28862 | Swamp:5  | Killed the 27-headed Lernaean hydra
 29199 | Swamp:5  | Got a decaying rune of Zot
 29241 | Swamp:5  | Noticed a thorn hunter
 29247 | Swamp:5  | Killed a thorn hunter
 29630 | Spider:1 | Entered Level 1 of the Spider Nest
 29694 | Spider:1 | Noticed Josephine
 29716 | Spider:1 | Killed Josephine
 29896 | Spider:1 | Noticed KingBobson's ghost (powerful HOFi)
 29904 | Spider:1 | Killed KingBobson's ghost
 30026 | Spider:1 | Received a gift from Okawaru
 30956 | Spider:2 | Reached skill level 21 in Unarmed Combat
 31129 | Spider:2 | Received a gift from Okawaru
 31545 | Spider:3 | Received a gift from Okawaru
 31663 | Spider:3 | Reached XP level 18. HP: 93/93 MP: 28/29
 31846 | Spider:3 | Noticed Asterion
 31853 | Spider:3 | Killed Asterion
 31860 | Spider:3 | Got a crude lapis lazuli ring
 31862 | Spider:3 | Identified the ring of Stristruhu {rElec rF- rC+ Dex+4 Stlth+} (You found it on level 3 of the Spider Nest)
 32362 | Spider:4 | Learned a level 2 spell: Repel Missiles
 32363 | Spider:4 | Identified Xiakliat's Handbook of Dislocated Moulding (You found it on level 4 of the Spider Nest)
 32371 | Spider:4 | Learned a level 1 spell: Apportation
 32721 | Spider:4 | Received a gift from Okawaru
 32973 | Spider:4 | Reached skill level 10 in Fighting
 33692 | Spider:5 | Entered Level 5 of the Spider Nest
 34705 | Spider:5 | Got a gossamer rune of Zot
 35813 | Slime:1  | Entered Level 1 of the Pits of Slime
 35828 | Slime:1  | Received a gift from Okawaru
 35929 | Slime:1  | Got an ichor-stained leather armour {god gift}
 35940 | Slime:1  | Identified the +0 leather armour of Limitation {MP-9 Str+4} (Okawaru gifted it to you on level 1 of the Pits of Slime)
 36084 | Slime:3  | Reached XP level 19. HP: 93/99 MP: 30/30
 36089 | Slime:3  | Reached skill level 22 in Unarmed Combat
 36430 | Slime:4  | Received a gift from Okawaru
 36531 | Slime:6  | Entered Level 6 of the Pits of Slime
 36717 | Slime:6  | Received a gift from Okawaru
 36823 | Slime:6  | Noticed the royal jelly
 36857 | Slime:6  | Killed the royal jelly
 37088 | Slime:6  | Received a gift from Okawaru
 37483 | Slime:6  | Got a slimy rune of Zot
 37498 | Slime:6  | Identified the Almanac of Boosting Sinister Magic
 37577 | Slime:6  | Got a fine copper amulet
 37672 | Slime:6  | Identified the amulet of the Lonely Runes {Spirit +Fly rF+ Dex+3} (You found it on level 6 of the Pits of Slime)
 38241 | Elf:1    | Entered Level 1 of the Elven Halls
 38290 | Elf:1    | Found a flickering gateway to a bazaar.
 38311 | Bazaar   | Entered a bazaar
 38311 | Bazaar   | Found Awaipuuj's Magic Scroll Boutique.
 38311 | Bazaar   | Found Pniaci's Weapon Shop.
 38311 | Bazaar   | Found Chisel's Weapon Shop.
 38311 | Bazaar   | Found Twixed's Jewellery Boutique.
 38311 | Bazaar   | Found Foggon's Antique Weapon Boutique.
 38324 | Bazaar   | Bought a scroll of enchant armour for 97 gold pieces
 38324 | Bazaar   | Bought a scroll of enchant armour for 97 gold pieces
 38324 | Bazaar   | Bought a scroll of teleportation for 39 gold pieces
 38324 | Bazaar   | Bought a scroll of teleportation for 39 gold pieces
 38324 | Bazaar   | Bought a scroll of fog for 26 gold pieces
 38328 | Bazaar   | Bought the amulet of the Four Winds {Clar rN+ MR+++} for 508 gold pieces
 38473 | Elf:1    | Reached XP level 20. HP: 100/105 MP: 31/31
 38666 | Elf:1    | Identified Vehumet's Disquisition on Confrontation
 39092 | Elf:1    | Noticed Fannar
 39099 | Elf:1    | Killed Fannar
 39388 | Elf:2    | Found Ryvypseg's Armour Emporium.
 39406 | Elf:2    | Found a runed gate.
 39406 | Elf:2    | Found a runed gate.
 39406 | Elf:2    | Found a runed gate.
 39743 | Elf:2    | Reached skill level 1 in Shields
 39815 | Elf:2    | Reached skill level 23 in Unarmed Combat
 40210 | Elf:3    | Entered Level 3 of the Elven Halls
 40584 | Elf:3    | Received a gift from Okawaru
 40752 | Elf:3    | Got a fine bronze ring
 41354 | Elf:3    | Got a pair of shimmering gloves
 41400 | Elf:3    | Identified the Reference Book on the Compass and the Blaze
 41417 | Elf:3    | Identified the +4 pair of gloves "Hebomax" {MR++} (You found it on level 3 of the Elven Halls)
 41431 | Elf:3    | Identified the ring of Perfectionism {rN++ Str+4 Int-2 Dex-3 Slay+2} (You took it off a deep elf fighter on level 3 of the Elven Halls)
 41776 | Elf:3    | Noticed Jorgrun
 41785 | Elf:3    | Killed Jorgrun
 41921 | Elf:2    | Reached XP level 21. HP: 111/111 MP: 31/31
 42341 | Vaults:1 | Entered Level 1 of the Vaults
 42346 | Vaults:1 | Reached skill level 5 in Shields
 42377 | Vaults:1 | Found Mufak's Armour Shoppe.
 42527 | Vaults:1 | Received a gift from Okawaru
 42610 | Vaults:1 | Found a magical portal.
 42620 | WizLab   | Entered Tukima's Studio
 43079 | Vaults:1 | Received a gift from Okawaru
 43294 | Vaults:1 | Got a smoking cloak
 43305 | Vaults:1 | Identified the +2 cloak of Courage {rC- MR+ Regen+ Str+4 Dex+2} (You took it off a red draconian on level 1 of the Vaults)
 43495 | Vaults:1 | Identified the Papyrus of Translocation
 43503 | Vaults:1 | Got a pitted plate armour
 43514 | Vaults:1 | Identified the +7 plate armour of Wrong Decisions {rPois rCorr Int-5} (You found it on level 1 of the Vaults)
 44394 | Vaults:2 | Reached skill level 24 in Unarmed Combat
 44394 | Vaults:2 | Reached XP level 22. HP: 117/117 MP: 32/32
 44605 | Vaults:2 | Received a gift from Okawaru
 44893 | Vaults:2 | Found Klatump's Jewellery Boutique.
 45041 | Vaults:2 | Bought a +6 ring of evasion for 1092 gold pieces
 45213 | Vaults:2 | Reached skill level 1 in Spellcasting
 45750 | Vaults:3 | Found Guaneun's Antique Weapon Boutique.
 45884 | Vaults:3 | Received a gift from Okawaru
 46084 | Vaults:3 | Paralysed by a hornet for 4 turns
 46647 | Vaults:3 | Found a staircase to the Crypt.
 47239 | Vaults:4 | Reached skill level 1 in Necromancy
 47302 | Vaults:4 | Found Diarcho's Jewellery Boutique.
 47341 | Vaults:4 | Noticed Aizul
 47351 | Vaults:4 | Killed Aizul
 47783 | Vaults:4 | Received a gift from Okawaru
 47808 | Vaults:4 | Reached XP level 23. HP: 122/122 MP: 32/32
 48549 | Depths:1 | Entered Level 1 of the Depths
 48581 | Depths:1 | Found a gateway to a ziggurat.
 48603 | Depths:1 | Got a spiked ring mail
 48604 | Depths:1 | Identified the +3 ring mail of the Evening Star {rElec rN+ Str+5 Stlth-} (You found it on level 1 of the Depths)
 48706 | Depths:1 | Reached skill level 5 in Necromancy
 49474 | Depths:1 | Found a gateway to Hell.
 49484 | Hell     | Entered the Vestibule of Hell
 49484 | Hell     | Noticed Geryon
 49498 | Hell     | Killed Geryon
 49498 | Hell     | Received a gift from Okawaru
 49760 | Depths:2 | Reached skill level 15 in Dodging
 49774 | Depths:2 | Reached skill level 1 in Charms
 49787 | Depths:2 | Reached skill level 25 in Unarmed Combat
 49883 | Depths:2 | Reached skill level 15 in Armour
 50087 | Depths:2 | Got a bloodstained plate armour
 50088 | Depths:2 | Identified the +9 plate armour of the Earth {Contam Dex+5 Stlth+} (You found it on level 2 of the Depths)
 50173 | Depths:2 | Found a one-way gate leading to the halls of Pandemonium.
 50545 | Depths:3 | Found a one-way gate to the infinite horrors of the Abyss.
 50794 | Depths:3 | Reached XP level 24. HP: 128/128 MP: 33/33
 50973 | Depths:3 | Received a gift from Okawaru
 51546 | Depths:4 | Received a gift from Okawaru
 51804 | Depths:4 | Received a gift from Okawaru
 51831 | Depths:4 | Got a bloodstained executioner's axe {god gift}
 51833 | Depths:4 | Identified the +8 executioner's axe "Culiut" {holy, rF+ rN+} (Okawaru gifted it to you on level 4 of the Depths)
 51932 | Depths:4 | Found a radiant altar of Vehumet.
 51933 | Depths:4 | Found a shattered altar of Ashenzari.
 51933 | Depths:4 | Found an ancient bone altar of Kikubaaqudgha.
 52094 | Depths:4 | Received a gift from Okawaru
 52139 | Depths:4 | Reached XP level 25. HP: 53/134 MP: 27/35
 52681 | Depths:4 | Reached skill level 26 in Unarmed Combat
 53212 | Depths:5 | Entered Level 5 of the Depths
 53359 | Depths:5 | Got a faintly glowing pewter amulet
 53535 | Depths:5 | Received a gift from Okawaru
 53550 | Depths:5 | Reached skill level 15 in Fighting
 53703 | Depths:5 | Found a gate to the Realm of Zot.
 54507 | Vaults:5 | Entered Level 5 of the Vaults
 54518 | Vaults:4 | Received a gift from Okawaru
 54579 | Vaults:4 | Reached XP level 26. HP: 133/141 MP: 35/35
 54623 | Vaults:5 | Reached skill level 10 in Shields
 54708 | Vaults:5 | Received a gift from Okawaru
 54726 | Vaults:5 | Got a shimmering scale mail {god gift}
 54771 | Vaults:5 | Identified the amulet of the Ban {Spirit rN+ MP+9} (You found it on level 5 of the Depths)
 54780 | Vaults:5 | Identified the Collected Works on the Shifting Blaze
 54783 | Vaults:5 | Got a silver rune of Zot
 55399 | Vaults:5 | Found Qyohopt's Book Shoppe.
 55717 | Vaults:5 | Identified the +1 scale mail "Smehavvu" {Str+2} (Okawaru gifted it to you on level 5 of the Vaults)
 55718 | Vaults:5 | Got a pair of steaming boots
 55729 | Vaults:5 | Identified the +4 pair of boots of Luorimm {rF+ rN+} (You found it on level 5 of the Vaults)
 55784 | Vaults:5 | Gained mutation: You are covered in fur (AC +1). [potion of beneficial mutation]
 55787 | Vaults:5 | Identified the Handbook of the Lethal Blaze
 55876 | Vaults:5 | Reached skill level 27 in Unarmed Combat
 56393 | Hell     | Found a gateway to the decaying netherworld of Tartarus.
 56403 | Hell     | Received a gift from Okawaru
 56508 | Hell     | Found a gateway to the ashen valley of Gehenna.
 56695 | Hell     | Found a gateway to the Iron City of Dis.
 56741 | Hell     | Reached XP level 27. HP: 144/147 MP: 36/36
 56788 | Hell     | Found a gateway to the freezing wastes of Cocytus.
 56821 | Hell     | Gained mutation: Armour fits poorly on your strangely shaped body. [a cacodemon]
 56827 | Hell     | Lost mutation: Armour fits poorly on your strangely shaped body. [a cacodemon]
 57110 | Depths:3 | Voluntarily entered the Abyss.
 57216 | Abyss:1  | Received a gift from Okawaru
 57219 | Abyss:1  | Got a spiked helmet {god gift}
 57230 | Abyss:1  | Identified the +0 helmet "Ryilooso" {Slay+3} (Okawaru gifted it to you on level 1 of the Abyss)
 57716 | Abyss:2  | Reached skill level 5 in Stealth
 58440 | Abyss:2  | Paralysed by accursed screaming for 1 turns
 58509 | Abyss:2  | Paralysed by accursed screaming for 2 turns
 59324 | Abyss:5  | Entered Level 5 of the Abyss
 59324 | Abyss:5  | Found a corrupted altar of Lugonu.
 59347 | Abyss:5  | Got a steaming helmet
 59379 | Abyss:5  | Identified the -4 helmet "Arak" {rElec rC+ Str-3 Dex+4 SInv} (You acquired it on level 5 of the Abyss)
 59489 | Abyss:5  | Found a corrupted altar of Lugonu.
 59529 | Abyss:5  | Received a gift from Okawaru
 59529 | Abyss:5  | Reached skill level 10 in Stealth
 59537 | Abyss:5  | Got a pair of twisted gloves {god gift}
 59538 | Abyss:5  | Identified the +2 pair of gloves of Dishonesty {rF+ rN+} (Okawaru gifted it to you on level 5 of the Abyss)
 59701 | Abyss:5  | Paralysed by accursed screaming for 1 turns
 59870 | Abyss:5  | Paralysed by accursed screaming for 1 turns
 59891 | Abyss:5  | Paralysed by accursed screaming for 1 turns
 60170 | Abyss:5  | Found a corrupted altar of Lugonu.
 60425 | Abyss:5  | Got an abyssal rune of Zot
 60505 | Abyss:5  | Found a shadowy altar of Dithmenos.
 60573 | Abyss:5  | Found a bloodstained altar of Trog.
 60712 | Depths:3 | Escaped the Abyss
 62033 | Tar:1    | Entered Level 1 of Tartarus
 62386 | Tar:4    | Noticed an ancient lich
 62389 | Tar:4    | Killed an ancient lich
 62707 | Tar:7    | Entered Level 7 of Tartarus
 62802 | Tar:7    | Received a gift from Okawaru
 62897 | Tar:7    | Reached skill level 15 in Shields
 63169 | Tar:7    | Reached skill level 5 in Spellcasting
 63573 | Tar:7    | Got an ancient crystal amulet
 63590 | Tar:7    | Identified the amulet of Xon Oniw {Gourm Contam rElec rPois} (You found it on level 7 of Tartarus)
 63854 | Tar:7    | Received a gift from Okawaru
 64145 | Tar:7    | Got a fine platinum ring
 64150 | Tar:7    | Identified the ring of Fifog {Wiz +Blink Int+4 Stlth+} (You found it on level 7 of Tartarus)
 64352 | Tar:7    | Noticed Ereshkigal
 64353 | Tar:7    | Noticed the Serpent of Hell
 64368 | Tar:7    | Killed Ereshkigal
 64385 | Tar:7    | Killed the Serpent of Hell
 64410 | Tar:7    | Got a bone rune of Zot
 64441 | Tar:7    | Got an ichor-stained chain mail
 64631 | Hell     | Identified the +0 chain mail of Inference {rPois rF+ MR+} (You found it on level 7 of Tartarus)
 64686 | Geh:1    | Entered Level 1 of Gehenna
 64716 | Geh:2    | Received a gift from Okawaru
 65121 | Geh:7    | Entered Level 7 of Gehenna
 65546 | Geh:7    | Received a gift from Okawaru
 65553 | Geh:7    | Reached skill level 15 in Stealth
 65561 | Geh:7    | Got a pair of steaming boots {god gift}
 66287 | Geh:7    | Noticed Asmodeus
 66313 | Geh:7    | Killed Asmodeus
 66313 | Geh:7    | Received a gift from Okawaru
 66317 | Geh:7    | Got an obsidian rune of Zot
 66320 | Geh:7    | Identified the +2 pair of boots of the Cockatrice {rPois rC+ rN+} (Okawaru gifted it to you on level 7 of Gehenna)
 66640 | Dis:1    | Entered Level 1 of the Iron City of Dis
 67597 | Dis:7    | Entered Level 7 of the Iron City of Dis
 68038 | Dis:7    | Received a gift from Okawaru
 69029 | Dis:7    | Received a gift from Okawaru
 69045 | Dis:7    | Got a pair of shimmering boots {god gift}
 69333 | Dis:7    | Got a slimy pewter ring
 69339 | Dis:7    | Identified the ring "Lablil" {+Inv MR+ Str+2 Slay+5} (You found it on level 7 of the Iron City of Dis)
 69383 | Dis:7    | Noticed Dispater
 69404 | Dis:7    | Killed Dispater
 69529 | Dis:7    | Got an iron rune of Zot
 69681 | Coc:1    | Entered Level 1 of Cocytus
 70308 | Coc:6    | Received a gift from Okawaru
 70616 | Coc:7    | Entered Level 7 of Cocytus
 72514 | Coc:4    | Received a gift from Okawaru
 72523 | Coc:4    | Got a slimy crystal plate armour {god gift}
 73790 | Coc:7    | Noticed Antaeus
 73819 | Coc:7    | Killed Antaeus
 73903 | Coc:7    | Got an icy rune of Zot
 74183 | Coc:7    | Received a gift from Okawaru
 74218 | Hell     | Identified the +0 pair of boots of the Guardian {rF- rC- rN+ Regen+ rCorr} (Okawaru gifted it to you on level 7 of the Iron City of Dis)
 74240 | Hell     | Identified the +4 crystal plate armour of Duck's Teeth {rElec rF+ Str+6} (Okawaru gifted it to you on level 4 of Cocytus)
 74363 | Zig:1    | Entered Level 1 of a ziggurat
 74383 | Zig:2    | Entered Level 2 of a ziggurat
 74409 | Zig:2    | Got a scorched chain mail
 74410 | Zig:2    | Identified the +6 chain mail "Daotsig" {rElec rF- rC+ rCorr} (You found it on level 2 of a ziggurat)
 74413 | Zig:3    | Entered Level 3 of a ziggurat
 74455 | Zig:4    | Entered Level 4 of a ziggurat
 74485 | Zig:4    | Identified the Disquisition on Conjuration
 74504 | Zig:5    | Entered Level 5 of a ziggurat
 74559 | Zig:6    | Entered Level 6 of a ziggurat
 74615 | Zig:7    | Entered Level 7 of a ziggurat
 74690 | Zig:8    | Entered Level 8 of a ziggurat
 74696 | Zig:8    | Noticed Diduit the pandemonium lord
 74705 | Zig:8    | Reached skill level 5 in Charms
 74717 | Zig:8    | Killed Diduit the pandemonium lord
 74739 | Zig:8    | Got a shimmering steel ring
 74745 | Zig:8    | Identified the ring "Asyhom" {rF+ MR++ Int-2 Slay+6} (You found it on level 8 of a ziggurat)
 74862 | Zig:9    | Entered Level 9 of a ziggurat
 74940 | Zig:10   | Entered Level 10 of a ziggurat
 74947 | Zig:10   | Noticed Uregups the pandemonium lord
 74959 | Zig:10   | Received a gift from Okawaru
 74974 | Zig:10   | Paralysed by accursed screaming for 2 turns
 74984 | Zig:10   | HP: 7/159 [sixfirhy (1)]
 74989 | Zig:10   | Killed Uregups the pandemonium lord
 74989 | Zig:10   | HP: 7/159 [poisoned by a gelid corrupter]
 74995 | Zig:10   | Reached skill level 5 in Evocations
 74995 | Zig:10   | HP: 4/159 [poisoned by a gelid corrupter]
 75000 | Zig:10   | HP: 3/159 [poisoned by a gelid corrupter]
 75006 | Zig:10   | HP: 4/159 [poisoned by a gelid corrupter]
 75012 | Zig:10   | HP: 5/159 [poisoned by a gelid corrupter]
 75013 | Zig:10   | HP: 2/159 [acid (1)]
 75021 | Zig:10   | HP: 5/159 [poisoned by a gelid corrupter]
 75708 | Crypt:1  | Entered Level 1 of the Crypt
 76386 | Crypt:2  | Gained mutation: You are very agile. (Dex +4) [potion of beneficial mutation]
 76906 | Crypt:3  | Entered Level 3 of the Crypt
 76983 | Crypt:3  | Received a gift from Okawaru
 77125 | Crypt:3  | Found a staircase to the Tomb.
 77145 | Crypt:3  | Noticed Donald
 77156 | Crypt:3  | Killed Donald
 77533 | Crypt:3  | Got a twitching golden ring
 77533 | Crypt:3  | Got a pitted ivory ring
 77534 | Crypt:3  | Identified the ring of Stracladu {rElec rF+ rN+ MP+9} (You found it on level 3 of the Crypt)
 77535 | Crypt:3  | Identified the ring "Niassoch" {rN+ Dex+4} (You found it on level 3 of the Crypt)
 77540 | Crypt:3  | Got a scintillating wooden ring
 77541 | Crypt:3  | Identified the ring of Spite {+cTele rC+ MP-9 Str+2 Slay+4} (You found it on level 3 of the Crypt)
 77556 | Crypt:3  | Identified the Papyrus of Stolen Souls (You found it on level 3 of the Crypt)
 77683 | Tomb:1   | Entered Level 1 of the Tomb of the Ancients
 77930 | Tomb:1   | Received a gift from Okawaru
 78593 | Tomb:1   | Reached skill level 10 in Evocations
 79141 | Tomb:1   | Received a gift from Okawaru
 79635 | Tomb:1   | Lost intelligence.
 79733 | Tomb:1   | Received a gift from Okawaru
 80039 | Tomb:1   | Reached skill level 15 in Evocations
 80288 | Tomb:1   | Lost intelligence.
 80293 | Tomb:1   | HP: 6/161 [greater mummy/divine providence (4)]
 80293 | Tomb:1   | Mangled by a reaper

Action                   |  1- 3 |  4- 6 |  7- 9 | 10-12 | 13-15 | 16-18 | 19-21 | 22-24 | 25-27 || total
-------------------------+-------+-------+-------+-------+-------+-------+-------+-------+-------++-------
Melee: Unarmed           |    66 |   151 |   238 |   454 |  1412 |  1088 |   966 |  1306 |  5536 || 11217
 Cast: Repel Missiles    |       |       |       |       |       |       |       |       |     2 ||     2
Invok: Heroism           |       |       |     2 |     9 |     6 |     3 |     1 |     2 |    11 ||    34
       Finesse           |       |       |       |     1 |     3 |     3 |     1 |     1 |    11 ||    20
 Abil: Evoke Flight      |       |       |       |       |       |       |       |       |    19 ||    19
Evoke: Wand              |       |       |       |       |     1 |     5 |     6 |       |     4 ||    16
  Use: Scroll            |       |       |     4 |    10 |    17 |    14 |    21 |     3 |    35 ||   104
       Potion            |       |       |     2 |       |     1 |       |     1 |       |    14 ||    18
 Stab: Sleeping          |     2 |     4 |     7 |     8 |    27 |    15 |     8 |     4 |    58 ||   133
       Distracted        |     1 |       |       |     1 |     5 |     7 |     5 |     5 |    32 ||    56
       Paralysed         |       |       |       |       |       |       |       |       |     1 ||     1
  Eat: Chunk             |       |     5 |    12 |    21 |    28 |    21 |    17 |    17 |    20 ||   141
       Pizza             |       |       |       |     1 |     1 |     3 |     1 |     3 |     4 ||    13
       Royal jelly       |       |       |       |     1 |     1 |     2 |     1 |       |     4 ||     9
       Beef jerky        |       |       |       |       |     3 |     4 |     1 |     3 |     5 ||    16
       Fruit             |       |       |       |       |       |     3 |       |       |    11 ||    14
       Bread ration      |       |       |       |       |       |       |     1 |       |     6 ||     7
       Meat ration       |       |       |       |       |       |       |       |       |     5 ||     5
